 Dungeon Crawl Stone Soup version 0.19.1-1-g22dce08 (webtiles) character file.

883 Kiturien the Sneak (level 8, -7/51 HPs)
             Began as an Octopode Venom Mage on Jan 16, 2017.
             Mangled by a wyvern skeleton (12 damage)
             ... on level 6 of the Dungeon.
             The game lasted 00:35:02 (6625 turns).

Kiturien the Sneak (Octopode Venom Mage)            Turns: 6625, Time: 00:35:04

Health: -7/51      AC:  6    Str:  9    XL:     8   Next: 5%
Magic:  3/12       EV: 14    Int: 18    God:
Gold:   106        SH:  0    Dex: 12    Spells: 3 memorised, 5 levels left

rFire  x . .     SeeInvis +     s - +1 dagger (protect)
rCold  + . .     Gourm    .     (no shield)
rNeg   . . .     Faith    .     (helmet restricted)
rPois  +         Spirit   .     (no amulet)
rElec  +         Reflect  .     p - +5 ring of protection
rCorr  .         Harm     .     e - ring of poison resistance
MR     .....                    k - ring of ice
Stlth  +++++.....               z - ring of stealth
                                C - ring of wizardry
                                D - ring of see invisible
                                (no ring)
                                (no ring)

@: no status effects
A: almost no armour, stealthy swim, amphibious, 8 rings, constrict 8, tentacle
spike 1, camouflage 1, screaming 1, electricity resistance, gelatinous body 1,
evolution 1
a: no special abilities


You were on level 6 of the Dungeon.
You were not hungry.

You visited 2 branches of the dungeon, and saw 7 of its levels.

You collected 202 gold pieces.
You spent 96 gold pieces at shops.

Inventory:

Hand Weapons
 a - a +1 dagger of venom
 b - a +0 hunting sling
 q - a -3 quarterstaff
 s - a +1 dagger of protection (weapon)
Missiles
 h - 6 poisoned needles
 o - 152 stones (quivered)
Magical Staves
 r - an uncursed staff of energy
 E - an uncursed staff of death {unknown}
Jewellery
 e - a ring of poison resistance (right tentacle)
 k - a ring of ice (on tentacle)
 p - a +5 ring of protection (left tentacle)
 z - a ring of stealth (on tentacle)
 C - a ring of wizardry (on tentacle)
 D - a ring of see invisible (on tentacle)
Wands
 m - a wand of iceblast (5/15)
 F - a wand of slowing (17/48)
Scrolls
 f - 4 scrolls of random uselessness
 g - 3 scrolls of remove curse
 t - a scroll of fog {unknown}
 v - a scroll of amnesia {unknown}
 y - a scroll of noise {unknown}
 B - a scroll of magic mapping {unknown}
 G - a scroll of fear {unknown}
Potions
 c - 3 potions of degeneration
 i - 3 potions of curing
 j - 6 potions of berserk rage
 l - a potion of resistance {unknown}
 u - 2 potions of heal wounds
 w - a potion of invisibility
 x - a potion of magic
 A - a potion of brilliance {unknown}
Books
 d - a Young Poisoner's Handbook

   Spells                             Type                      Level
   a - Sting                          Conjuration/Poison           1
   b - Mephitic Cloud                 Conjuration/Poison/Air       3
   c - Olgreb's Toxic Radiance        Poison                       4
   d - Alistair's Intoxication        Transmutation/Poison         5
   e - Venom Bolt                     Conjuration/Poison           5
Comestibles
 n - a bread ration


   Skills:
 * Level 2.6 Fighting
 * Level 4.1 Short Blades
 + Level 1.0 Slings
 + Level 3.5 Dodging
 * Level 6.4 Stealth
 + Level 1.0 Unarmed Combat
 * Level 3.0 Spellcasting
 + Level 1.1 Conjurations
 + Level 0.2 Air Magic
 * Level 6.1 Poison Magic


You had 5 spell levels left.
You knew the following spells:

 Your Spells              Type           Power        Failure   Level  Hunger
a - Sting                 Conj/Pois      ###.         1%          1    None
b - Mephitic Cloud        Conj/Pois/Air  ##......     9%          3    ###....
c - Olgreb's Toxic Radia  Pois           ####....     7%          4    ####...


Dungeon Overview and Level Annotations

Branches:
Dungeon (6/15)             Temple (1/1) D:5

Altars:
Ashenzari
Elyvilon
Fedhas
Gozag
Hepliaklqana
Kikubaaqudgha
Makhleb
Nemelex Xobeh
Qazlal
Ru
Uskayaw
Vehumet
Xom
Zin

Shops:
D:4 ?


Innate Abilities, Weirdness & Mutations

You cannot wear most types of armour.
You are very stealthy in the water. (Stealth+)
You are amphibious.
You can wear up to eight rings at the same time.
You can use your tentacles to constrict eight enemies at once.
Your skin changes colour to match your surroundings (Stealth+).
Your rubbery body absorbs attacks. (AC +1, EV +1)
One of your tentacles bears a spike.
You occasionally shout uncontrollably at your foes.
You are resistant to electric shocks. (rElec)
You evolve.


Message History

* * * LOW HITPOINT WARNING * * *
The centaur is engulfed in noxious fumes.
The centaur appears confused.
The shadow imp hits you.
* * * LOW HITPOINT WARNING * * *
A hound zombie comes into view.
You feel better.
The centaur is engulfed in noxious fumes.
The centaur appears confused.
The wyvern skeleton barely misses you. The shadow imp misses you.
The centaur is engulfed in noxious fumes.
The centaur appears confused.
The centaur unwields an uncursed shortbow.
The centaur hits the shadow imp.
The wyvern skeleton closely misses you.
The centaur is engulfed in noxious fumes.
The centaur looks more healthy.
The centaur is engulfed in noxious fumes.
The wyvern skeleton bites you.
* * * LOW HITPOINT WARNING * * *
The wyvern skeleton bites you!
You die...

............#
............######
.................########
........................#
...........#............#
...........+............+
#.##########............#
#.#
.....#####'###############
#..
............@.............
...
............(Z5...........
...
.............(............
.
..........................
#
............o(...(........
.............Z..(((.......
.............(............
.............(............
...........(.....c........


You could see a shadow imp, an orc, a hound zombie and a wyvern skeleton.

Vanquished Creatures
  An orc warrior (D:5)
  A phantom (D:4)
  A sky beast (D:5)
  A centaur (D:5)
  A bullfrog (D:5)
  A crimson imp (D:6)
  A quasit (D:3)
  2 hounds
  An orc wizard (D:3)
  A centaur skeleton (D:4)
  4 worker ants
  8 adders
  3 oozes
  2 worms (D:3)
  2 dart slugs
  3 leopard geckos
  8 orcs
  3 bats
  7 giant cockroaches
  11 goblins
  6 hobgoblins
  10 jackals
  9 kobolds
  3 quokkas
  2 ball pythons
  7 frilled lizards
  9 rats
108 creatures vanquished.

Notes
Turn   | Place    | Note
-------+----------+-------------------------------------------
     0 | D:1      | Kiturien the Octopode Venom Mage began the quest for the Orb.
     0 | D:1      | Reached XP level 1. HP: 11/11 MP: 3/3
    33 | D:1      | Reached skill level 5 in Poison Magic
    69 | D:1      | Reached XP level 2. HP: 1/17 MP: 1/5
   883 | D:1      | Reached XP level 3. HP: 17/21 MP: 6/6
  1845 | D:2      | Reached skill level 1 in Unarmed Combat
  1845 | D:2      | Reached XP level 4. HP: 25/27 MP: 3/7
  2487 | D:3      | Reached skill level 1 in Short Blades
  2560 | D:3      | Learned a level 3 spell: Mephitic Cloud
  2893 | D:3      | Reached skill level 1 in Fighting
  2893 | D:3      | Reached XP level 5. HP: 24/33 MP: 5/8
  3406 | D:3      | Found a shattered altar of Ashenzari.
  3724 | D:3      | Reached skill level 1 in Slings
  3934 | D:4      | Reached XP level 6. HP: 31/38 MP: 9/9
  3950 | D:4      | Noticed a phantom
  4009 | D:4      | Found Hyc Uria's Magic Scroll Shop.
  4037 | D:4      | Bought 3 scrolls of identify for 72 gold pieces
  4037 | D:4      | Bought a scroll of identify for 24 gold pieces
  4082 | D:4      | Learned a level 4 spell: Olgreb's Toxic Radiance
  4165 | D:4      | Found a burning altar of Makhleb.
  4835 | D:4      | Killed a phantom
  4835 | D:4      | Reached skill level 5 in Stealth
  5054 | D:5      | Entered Level 5 of the Dungeon
  5078 | D:5      | Reached XP level 7. HP: 43/43 MP: 10/10
  5159 | D:5      | Found a staircase to the Ecumenical Temple.
  5163 | Temple   | Entered the Ecumenical Temple
  5517 | D:5      | Gained mutation: You are robust. (+10% HP) [mutagenic meat]
  5521 | D:5      | Gained mutation: You evolve. [mutagenic meat]
  5560 | D:5      | Gained mutation: You are resistant to electric shocks. (rElec) [mutagenic meat]
  5561 | D:5      | Gained mutation: One of your tentacles bears a spike. [mutagenic meat]
  5562 | D:5      | Lost mutation: You are robust. (+10% HP) [mutagenic meat]
  5563 | D:5      | Gained mutation: You occasionally shout uncontrollably at your foes. [mutagenic meat]
  5717 | D:5      | Found a sparkling altar of Nemelex Xobeh.
  5720 | D:5      | Found a sacrificial altar of Ru.
  5722 | D:5      | Found a hide-covered altar of Uskayaw.
  6110 | D:5      | Reached skill level 1 in Conjurations
  6523 | D:6      | Reached XP level 8. HP: 51/51 MP: 9/12
  6625 | D:6      | Mangled by a wyvern skeleton

Skill      XL: |  1  2  3  4  5  6  7 |
---------------+----------------------+-----
Poison Magic   | 5 6 |  6.1
Stealth        | 3 4 5 6 |  6.4
Unarmed Combat | 1 |  1.0
Short Blades   | 1 2 3 4 |  4.1
Fighting       | 1 2 |  2.6
Dodging        | 3 |  3.5
Slings         | 1 |  1.0
Conjurations   | 1 |  1.1
Spellcasting   | 3 |  3.0
Air Magic      | |  0.2

Action                   |  1- 3 |  4- 6 |  7- 9 || total
-------------------------+-------+-------+-------++-------
Melee: Unarmed           |    40 |       |       ||    40
       Constrict         |    30 |    30 |     7 ||    67
       Tentacles         |    16 |    23 |    14 ||    53
       Dagger            |    50 |   145 |    43 ||   238
       Punch             |     1 |       |       ||     1
       Kick              |       |       |     8 ||     8
 Fire: Hunting sling     |       |    10 |       ||    10
 Cast: Sting             |     9 |    17 |    23 ||    49
       Mephitic Cloud    |       |     1 |     8 ||     9
       Olgreb's Toxic Ra |       |       |     3 ||     3
  Use: Scroll            |     1 |     7 |     2 ||    10
       Potion            |     1 |       |     2 ||     3
 Stab: Sleeping          |     5 |     9 |     2 ||    16
  Eat: Bread ration      |     1 |     1 |       ||     2
       Meat ration       |       |     1 |     1 ||     2
       Chunk             |       |       |     6 ||     6
       Fruit             |       |       |     2 ||     2
Armor: Skin              |     9 |    49 |    15 ||    73
Dodge: Dodged            |    54 |   128 |    33 ||   215
